 Dungeon Crawl Stone Soup version 0.18-a0-1287-g2b21fa6 (console) character file.

96266 sorlin the Spry (level 15, -8/116 HPs)
             Began as a High Elf Summoner on Feb 8, 2016.
             Was a High Priest of Ashenzari.
             Mangled by an emperor scorpion (9 damage)
             ... on level 2 of the Spider Nest on Feb 9, 2016.
             The game lasted 03:47:55 (43503 turns).

sorlin the Spry (High Elf Summoner)                Turns: 43503, Time: 03:47:55

Health: -8/116     AC:  8    Str:  7    XL:     15   Next: 68%
Magic:  21/26      EV: 27    Int: 26    God:    Ashenzari [*****.]
Gold:   814        SH:  7    Dex: 20    Spells: 8 memorised, 5 levels left

rFire  . . .     SeeInvis +     a - +2 dagger (venom)
rCold  . . .     Gourm    .     m - +1 leather armour {rPois} (curse)
rNeg   . . .     Faith    .     Y - +1 buckler
rPois  +         Spirit   .     d - +2 hat (curse)
rElec  .         Dismiss  .     B - +1 cloak {MR+} (curse)
rCorr  .         Reflect  .     (no gloves)
SustAt .         Harm     .     (no boots)
MR     ++...     Clarity  +     e - amulet of regeneration (curse)
Stlth  ++++++....               F - +3 ring of intelligence
                                u - +4 ring of slaying (curse)

@: very resistant to hostile enchantments, very stealthy
A: no striking features
a: Scrying, Transfer Knowledge, Renounce Religion


You were on level 2 of the Spider Nest.
You worshipped Ashenzari.
Ashenzari was extremely pleased with you.
You were not hungry.

You visited 6 branches of the dungeon, and saw 30 of its levels.

You collected 2720 gold pieces.
You spent 1906 gold pieces at shops.

Inventory:

Hand Weapons
 a - a +2 dagger of venom (weapon)
 b - a +1 dagger of flaming
 o - a +0 dagger of protection
Armour
 d - a cursed +2 hat (worn)
 m - a cursed +1 leather armour of poison resistance (worn)
 w - a +2 robe of magic resistance
 B - a cursed +1 cloak of magic resistance (worn)
 M - a +2 robe of resistance
 Y - a +1 buckler (worn)
Jewellery
 e - a cursed amulet of regeneration (around neck)
 i - an uncursed ring of ice
 u - a cursed +4 ring of slaying (left hand)
 x - a +4 amulet of reflection
 A - an uncursed ring of flight
 F - a +3 ring of intelligence (right hand)
 P - an uncursed ring of protection from magic
 T - an uncursed ring of fire
Wands
 D - a wand of heal wounds (4/9)
Scrolls
 g - 3 scrolls of immolation
 j - a scroll of identify
 l - a scroll of curse armour
 p - 7 scrolls of enchant weapon
 q - 4 scrolls of curse weapon
 s - 4 scrolls of magic mapping
 t - 4 scrolls of fog
 v - 6 scrolls of amnesia
 N - 2 scrolls of silence
 R - 3 scrolls of curse jewellery
 S - 5 scrolls of remove curse
 U - a scroll of summoning
Potions
 f - 10 potions of curing
 h - 3 potions of flight
 k - 5 potions of lignification
 r - 3 potions of haste
 z - 3 potions of cure mutation
 E - 2 potions of magic
 G - 2 potions of resistance
 H - 2 potions of ambrosia
 I - 4 potions of brilliance
 L - 3 potions of heal wounds
 Q - 2 potions of cancellation
 V - 2 potions of berserk rage
 X - 3 potions of agility
Books
 n - a book of Callings

   Spells                             Type                      Level
   a - Summon Small Mammal            Summoning                    1
   b - Call Imp                       Summoning                    2
   c - Call Canine Familiar           Summoning                    3
   d - Summon Guardian Golem          Hexes/Summoning              3
   e - Summon Lightning Spire         Summoning/Air                4
   f - Summon Ice Beast               Ice/Summoning                4
 O - a book of Battle

   Spells                             Type                      Level
   a - Infusion                       Charms                       1
   b - Shroud of Golubria             Charms/Translocation         2
   c - Song of Slaying                Charms                       2
   d - Spectral Weapon                Hexes/Charms                 3
   e - Regeneration                   Charms/Necromancy            3
Comestibles
 c - 13 bread rations
 C - 9 meat rations
 J - a chunk of flesh
 W - a fruit


   Skills:
 + Level 15.4 Fighting
 - Level 10.8 Short Blades
 - Level 16.4(18.6) Dodging
 + Level 12.0(14.3) Stealth
 - Level 4.0 Shields
 - Level 7.0 Spellcasting
 + Level 6.8(9.5) Summonings
 - Level 5.1(7.7) Ice Magic
 - Level 4.8(7.4) Air Magic


You had 5 spell levels left.
You knew the following spells:

 Your Spells              Type           Power        Failure   Level  Hunger
a - Summon Small Mammal   Summ           ####         1%          1    None
b - Call Imp              Summ           ######..     1%          2    None
c - Call Canine Familiar  Summ           ######..     1%          3    None
g - Summon Guardian Gole  Hex/Summ       ####....     4%          3    None
i - Summon Ice Beast      Ice/Summ       ######..     3%          4    ###....
l - Summon Lightning Spi  Summ/Air       ######..     3%          4    ###....
r - Regeneration          Chrm/Necr      ##........   24%         3    None
w - Spectral Weapon       Hex/Chrm       ##......     24%         3    None


Dungeon Overview and Level Annotations

Branches:
Dungeon (15/15)            Temple (1/1) D:4            Lair (8/8) D:9
 Shoals (2/4) Lair:6       Spider (2/4) Lair:3        Slime (0/6) Lair:7
    Orc (2/2) D:11            Elf (0/3) Orc:2        Vaults (0/5) D:13
 Depths (0/5) D:15

Altars:
Ashenzari
Cheibriados
Dithmenos
Elyvilon
Fedhas
Gozag
Kikubaaqudgha
Makhleb
Nemelex Xobeh
Okawaru
Pakellas
Qazlal
Ru
Sif Muna
Trog
Vehumet
Xom
Yredelemnul
Zin
The Shining One
Beogh
Jiyva

Shops:
D:6 !   D:11 [   Orc:2 *!=::

Portals:
Hell: Lair:8

Annotations:
Lair:1 exclusion: oklob plant


Message History

Unknown command.
Drink which item? (? for menu, Esc to quit)
Okay, then.
Unknown command.
You struggle to detach yourself from the web.
The redback bites your lightning spire. The jumping spider pounces on you!
* * * LOW HITPOINT WARNING * * *
You are even more entangled.
The jumping spider misses you.
The emperor scorpion stings you but does no damage.
The emperor scorpion claws you but does no damage. x2
The redback bites your lightning spire!
You disentangle yourself.
The jumping spider pounces on you but does no damage.
The jumping spider completely misses you.
The redback bites your lightning spire but does no damage.
The emperor scorpion stings you!!
* * * LOW HITPOINT WARNING * * *
The emperor scorpion completely misses you.
The emperor scorpion claws you!
You die...

,, ,, s#.##..* ,,*
. ......* ,,,,..{
....# ,,
.s.#,...### ,,
#...#....# ,, ,
#........## **
#...>.#..#
....#....s## ,.*
#...#.8### ,
*,*.##$.###s#.# ,
*, *......^#s@.# ,
..<#........# , *
..^#........# ,
....##......# ,
,...........#
##.... .....##....#
..#..# .##..#....^#
..#.. , .[..###..##
..#.# ,$#.........#
....#......#.#....#
....##............#


You could see an emperor scorpion, a jumping spider, a redback and a friendly
lightning spire.

Vanquished Creatures
  Norris (D:13)
  Gastronok (Lair:3)
  2 emperor scorpions
  A stone giant (Orc:1)
  A dire elephant (Lair:8)
  Snorg (D:14)
  The ghost of RepHenryClay the Fencer, a journeyman MiGl of Okawaru (Orc:1)
  Harold (D:10)
  Fannar (Lair:3)
  Erolcha (D:8)
  3 hydras
  3 catoblepae
  A centaur warrior (Orc:1)
  A tengu warrior (D:13)
  4 death yaks
  An orc high priest (Orc:2)
  2 wizards
  An unseen horror (shapeshifter) (D:14)
  A fire crab (Lair:8)
  An unseen horror (D:14)
  3 sea snakes (Shoals:1)
  A necromancer (Spider:1)
  4 orc knights
  2 hill giants
  A faun (Shoals:1)
  A deep elf mage (Orc:2)
  5 ugly things
  A griffon (D:15)
  3 manticores
  9 wolf spiders
  A cyclops (D:12)
  3 elephants (Lair:5)
  2 hornets (Spider:2)
  2 water nymphs (Shoals:1)
  3 sirens
  3 black mambas
  A centaur zombie (D:11)
  A smoke demon (Lair:8)
  13 spiny frogs
  The ghost of Epollo79 the Thaumaturge, a novice SpEE of Vehumet (D:7)
  An orange demon (Lair:8)
  A freezing wraith (D:14)
  A kobold demonologist (D:13)
  An ice devil (Lair:8)
  2 demonic crawlers
  8 komodo dragons
  3 fire drakes
  A hellwing (Lair:8)
  A harpy zombie (D:14)
  8 jumping spiders
  4 trolls
  4 merfolk (Shoals:1)
  4 polar bears
  A slime creature (D:15)
  A boulder beetle (Lair:4)
  8 blink frogs
  2 snapping turtles (Shoals:1)
  24 yaks
  2 tarantellas
  2 wraiths
  A wyvern (D:8)
  5 redbacks
  8 humans (D:13)
  Eustachio (D:4)
  3 basilisks
  A hungry ghost (D:15)
  A steam dragon (D:9)
  7 wolves
  11 hippogriffs
  A mottled dragon (D:14)
  8 wargs
  14 water moccasins
  A hell hound (Lair:8)
  11 porcupines
  5 sky beasts
  A wasp (Spider:2)
  An eye of draining (D:11)
  2 ice beasts
  15 orc warriors
  6 ogres
  3 boggarts (D:15)
  A necrophage (D:9)
  11 centaurs
  14 crocodiles
  2 big kobolds
  25 giant frogs
  A wyvern zombie (D:11)
  Dowan (D:4)
  3 scorpions
  A wyvern skeleton (D:12)
  12 killer bees
  4 wights
  2 electric eels
  6 crimson imps
  2 quasits
  A centaur skeleton (D:12)
  3 jellies
  8 orc priests
  2 giant frog skeletons (D:5)
  3 hounds
  6 orc wizards
  9 iguanas
  7 worker ants
  2 hell rats
  A killer bee zombie (D:5)
  12 sheep
  3 hound skeletons
  A worker ant zombie (D:11)
  4 gnolls
  10 adders
  85 river rats
  2 shadow imps
  2 adder skeletons
  A worm (D:2)
  5 giant geckos
  51 orcs
  3 ball pythons
  5 bats
  4 giant cockroaches
  9 goblins
  7 hobgoblins
  9 jackals
  3 quokkas
  A giant gecko skeleton (D:8)
  3 giant newts
  12 kobolds
  10 rats
643 creatures vanquished.

Vanquished Creatures (collateral kills)
  An ettin (Orc:2)
  A merfolk impaler (Shoals:1)
  3 hydras
  A catoblepas (Lair:4)
  The ghost of Phoenix the Grappler, a novice TrMo of Sif Muna (Lair:1)
  10 death yaks
  An ogre mage (D:15)
  A death knight (D:14)
  A sun demon (Lair:8)
  A fire crab (Lair:8)
  A hill giant (D:13)
  2 griffons
  6 orb spiders
  2 fauns (Shoals:1)
  A slime creature (D:15)
  An orc sorcerer (Orc:2)
  An ugly thing (D:15)
  A manticore (shapeshifter) (D:15)
  7 wolf spiders (Spider:1)
  2 elephants (Lair:5)
  2 black mambas
  A siren (Shoals:2)
  A gargoyle (D:11)
  2 orange demons (Lair:8)
  2 torpor snails (Spider:1)
  5 spiny frogs
  3 fire drakes
  2 red devils (Lair:8)
  A freezing wraith (D:13)
  3 komodo dragons
  A fire drake (shapeshifter) (D:15)
  An ice devil (Lair:8)
  3 jumping spiders (Spider:1)
  A troll (D:10)
  3 merfolk (Shoals:1)
  2 two-headed ogres
  A blink frog (Lair:5)
  5 redbacks
  A water elemental (Orc:2)
  14 yaks
  A spriggan (D:11)
  4 tarantellas (Spider:1)
  A wraith (D:14)
  3 hippogriffs
  6 humans
  2 basilisks
  4 hungry ghosts
  5 wolves
  Menkaure (D:7)
  Edmund (D:5)
  3 water moccasins
  2 hell hounds (Lair:8)
  20 orc warriors
  Duvessa (D:4)
  2 porcupines
  A sky beast (D:4)
  A wasp (D:12)
  2 black bears (D:7)
  8 centaurs
  9 ogres
  3 crocodiles
  4 giant frogs
  2 gnoll sergeants
  A scorpion (D:11)
  3 wights
  A killer bee (D:11)
  2 electric eels
  2 crimson imps
  2 jellies
  5 hounds
  An orc wizard (Orc:2)
  8 orc priests
  2 iguanas (Lair:3)
  Natasha (thrice) (D:4)
  A hell rat (Lair:8)
  A worker ant (D:14)
  2 sheep (Lair:6)
  8 gnolls
  16 river rats
  7 adders
  3 worms
  3 giant geckos (D:1)
  51 orcs
  A giant cockroach (D:1)
  3 hobgoblins
  6 jackals
  A quokka (D:5)
  A bat (D:1)
  A giant gecko skeleton (D:4)
  4 goblins
  6 kobolds
  3 rats
  3 fungi
336 creatures vanquished.

Vanquished Creatures (others)
  A gnoll (Orc:2)
  A river rat (Lair:3)
  An orc (D:4)
  31 fungi
  13 plants
  5 tentacles (Shoals:2)
  136 tentacle segments (Shoals:2)
188 creatures vanquished.

Grand Total: 1167 creatures vanquished

Notes
Turn   | Place    | Note
--------------------------------------------------------------
     0 | D:1      | sorlin the High Elf Summoner began the quest for the Orb.
     0 | D:1      | Reached XP level 1. HP: 11/11 MP: 4/4
   834 | D:1      | Reached skill level 4 in Summonings
  1016 | D:1      | Reached XP level 2. HP: 16/18 MP: 3/6
  1042 | D:1      | Learned a level 2 spell: Call Imp
  1303 | D:1      | Reached skill level 1 in Fighting
  1975 | D:2      | Reached XP level 3. HP: 22/24 MP: 4/7
  1986 | D:2      | Reached skill level 1 in Short Blades
  2163 | D:2      | Found a faded altar to an unknown god.
  2468 | D:2      | Reached XP level 4. HP: 29/29 MP: 8/8
  3531 | D:4      | Reached XP level 5. HP: 34/34 MP: 9/9
  3532 | D:4      | Noticed Dowan
  3616 | D:4      | Noticed Eustachio
  3637 | D:4      | Noticed Natasha
  3657 | D:4      | Killed Natasha
  3707 | D:4      | Learned a level 3 spell: Call Canine Familiar
  3709 | D:4      | Noticed an ogre
  3763 | D:4      | Noticed Natasha
  3772 | D:4      | Killed Natasha
  3772 | D:4      | Reached skill level 5 in Short Blades
  4435 | D:5      | Entered Level 5 of the Dungeon
  4435 | D:5      | Noticed Edmund
  4473 | D:5      | Noticed an ogre
  4473 | D:5      | Noticed a sky beast
  4499 | D:4      | Killed a sky beast
  4499 | D:4      | Reached skill level 6 in Short Blades
  4499 | D:4      | Reached XP level 6. HP: 39/39 MP: 3/10
  4627 | D:4      | Reached skill level 7 in Short Blades
  4650 | D:4      | Noticed Natasha
  4663 | D:4      | Killed Natasha
  4776 | D:4      | Killed Eustachio
  4947 | D:4      | Noticed Duvessa
  5002 | D:4      | Killed Dowan
  5002 | D:4      | Reached skill level 8 in Short Blades
  5002 | D:4      | Reached XP level 7. HP: 36/45 MP: 7/11
  5077 | D:4      | Found a staircase to the Ecumenical Temple.
  5086 | Temple   | Entered the Ecumenical Temple
  5189 | Temple   | Became a worshipper of Ashenzari the Shackled
  5546 | D:4      | Killed Duvessa
  5707 | D:5      | Noticed a hippogriff
  5935 | D:5      | Reached skill level 9 in Short Blades
  5986 | D:5      | Found a sparkling altar of Nemelex Xobeh.
  6979 | D:5      | Reached skill level 10 in Short Blades
  7173 | D:5      | Killed Edmund
  7173 | D:5      | Reached XP level 8. HP: 37/50 MP: 5/12
  7945 | D:6      | Found Alodwuez's Distillery.
  7950 | D:6      | Bought a potion of mutation for 27 gold pieces
  7950 | D:6      | Bought a potion of might for 44 gold pieces
  7950 | D:6      | Bought a potion of curing for 33 gold pieces
  7950 | D:6      | Bought a potion of ambrosia for 88 gold pieces
  7950 | D:6      | Bought a potion of brilliance for 44 gold pieces
  8621 | D:7      | Noticed Epollo79's ghost (novice SpEE)
  8669 | D:7      | Killed Epollo79's ghost
  8669 | D:7      | Reached skill level 5 in Dodging
  8773 | D:7      | Reached * piety under Ashenzari
  8848 | D:7      | Identified the amulet of Mistrust {+Rage Dex+2}
  8873 | D:7      | Noticed Menkaure
  8897 | D:7      | Killed Menkaure
  8897 | D:7      | Reached skill level 5 in Fighting
  8897 | D:7      | Reached XP level 9. HP: 37/61 MP: 4/13
  9202 | D:7      | Found a basalt altar of Yredelemnul.
  9715 | D:8      | Noticed Erolcha
  9916 | D:8      | Killed Erolcha
 10127 | D:9      | Found a staircase to the Lair.
 10757 | D:9      | Reached XP level 10. HP: 69/71 MP: 11/14
 11647 | D:9      | Noticed a cyclops
 11889 | D:10     | Entered Level 10 of the Dungeon
 11908 | D:10     | Noticed Harold
 12048 | D:10     | Reached ** piety under Ashenzari
 12056 | D:10     | Learned a level 4 spell: Summon Lightning Spire
 12493 | D:10     | Reached skill level 1 in Air Magic
 12607 | D:10     | Found a roughly hewn altar of Beogh.
 13676 | Lair:1   | Entered Level 1 of the Lair of Beasts
 13677 | Lair:1   | Reached skill level 10 in Dodging
 13961 | Lair:1   | Noticed Phoenix's ghost (novice TrMo)
 14069 | Lair:1   | Killed Phoenix's ghost
 14087 | Lair:1   | Noticed a spiny frog
 14099 | Lair:1   | Killed a spiny frog
 14215 | Lair:1   | Noticed a five-headed hydra
 14216 | Lair:1   | Reached XP level 11. HP: 50/80 MP: 7/15
 14636 | Lair:1   | Found a blossoming altar of Fedhas.
 14636 | Lair:1   | Noticed an oklob plant
 15297 | Lair:2   | Noticed a four-headed hydra
 15367 | Lair:1   | Reached skill level 10 in Fighting
 15540 | Lair:2   | Learned a level 4 spell: Summon Ice Beast
 15703 | Lair:2   | Reached skill level 1 in Ice Magic
 15754 | Lair:2   | Reached skill level 11 in Dodging
 16526 | Lair:3   | Noticed Gastronok
 16544 | Lair:3   | Noticed Fannar
 16680 | Lair:2   | Killed a four-headed hydra
 17093 | Lair:3   | Killed Fannar
 17213 | Lair:3   | Reached *** piety under Ashenzari
 17506 | Lair:3   | Reached skill level 12 in Dodging
 17693 | Lair:3   | Killed Gastronok
 17693 | Lair:3   | Reached skill level 5 in Ice Magic
 17693 | Lair:3   | Reached XP level 12. HP: 40/90 MP: 5/16
 18264 | Lair:3   | Found a hole to the Spider Nest.
 19376 | Lair:4   | Noticed a catoblepas
 19789 | Lair:4   | Killed a catoblepas
 20014 | Lair:5   | Noticed a death yak
 20117 | Lair:5   | Reached **** piety under Ashenzari
 20267 | Lair:5   | Noticed a death yak
 20364 | Lair:5   | Noticed a death yak
 20538 | Lair:5   | Reached skill level 5 in Spellcasting
 20833 | Lair:5   | Noticed a catoblepas
 20886 | Lair:5   | Killed a catoblepas
 20886 | Lair:5   | Reached skill level 13 in Dodging
 20952 | Lair:5   | Noticed a death yak
 21200 | Lair:5   | Killed a death yak
 21830 | Lair:5   | Noticed a death yak
 21858 | Lair:5   | Killed a death yak
 22068 | Lair:5   | Killed a death yak
 22098 | Lair:4   | Killed a death yak
 22212 | Lair:5   | Killed a death yak
 22461 | Lair:6   | Noticed a death yak
 22461 | Lair:6   | Noticed a death yak
 22461 | Lair:6   | Noticed a death yak
 22461 | Lair:6   | Noticed a death yak
 22476 | Lair:5   | Killed a death yak
 22713 | Lair:6   | Killed a death yak
 22727 | Lair:6   | Killed a death yak
 22727 | Lair:6   | Reached XP level 13. HP: 70/98 MP: 14/24
 23247 | Lair:6   | Found a staircase to the Shoals.
 24000 | Lair:7   | Found a viscous altar of Jiyva.
 24001 | Lair:7   | Found a staircase to the Slime Pits.
 24031 | Lair:7   | Learned a level 3 spell: Summon Guardian Golem
 25080 | Lair:7   | Reached skill level 14 in Dodging
 25569 | Lair:8   | Entered Level 8 of the Lair of Beasts
 25570 | Lair:8   | Reached skill level 5 in Stealth
 26910 | Lair:8   | Noticed a dire elephant
 27677 | Lair:8   | Killed a dire elephant
 27848 | Lair:8   | Found a burning altar of Makhleb.
 28385 | Lair:8   | Found a gateway to Hell.
 29123 | D:10     | Killed Harold
 29123 | D:10     | Reached XP level 14. HP: 87/107 MP: 9/25
 29231 | D:11     | Found Cegrub's Antique Armour Shop.
 29240 | D:11     | Bought a runed helmet for 112 gold pieces
 29617 | D:11     | Reached skill level 15 in Dodging
 30015 | D:11     | Found a staircase to the Orcish Mines.
 30224 | Orc:1    | Entered Level 1 of the Orcish Mines
 30309 | Orc:1    | Noticed RepHenryClay's ghost (journeyman MiGl)
 30658 | Orc:1    | Killed RepHenryClay's ghost
 31195 | Orc:2    | Entered Level 2 of the Orcish Mines
 31339 | Orc:2    | Found Jeommia's Book Emporium.
 31891 | Orc:2    | Noticed a stone giant
 32013 | Orc:1    | Killed a stone giant
 32865 | Orc:2    | Found a roughly hewn altar of Beogh.
 33773 | Orc:2    | Reached ***** piety under Ashenzari
 33857 | Orc:2    | Found a staircase to the Elven Halls.
 33997 | Orc:2    | Found Ucoxzakk's Jewellery Boutique.
 33997 | Orc:2    | Found Cithruoxt's Distillery.
 33999 | Orc:2    | Found Kyttut's Assorted Antiques.
 34001 | Orc:2    | Found Redah's Book Shop.
 34007 | Orc:2    | Bought a potion of curing for 42 gold pieces
 34007 | Orc:2    | Bought a potion of resistance for 140 gold pieces
 34007 | Orc:2    | Bought a potion of curing for 42 gold pieces
 34009 | Orc:2    | Bought a dark potion for 34 gold pieces
 34009 | Orc:2    | Bought a scroll labeled KIKOJOM IPHOEPU for 38 gold pieces
 34009 | Orc:2    | Bought a scroll labeled YFAUSK UTOWU for 38 gold pieces
 34009 | Orc:2    | Bought a scroll labeled SOTYZU CEEGIL for 38 gold pieces
 34096 | Orc:2    | Bought a book of Battle for 560 gold pieces
 34133 | Orc:2    | Bought a potion of heal wounds for 190 gold pieces
 34133 | Orc:2    | Bought 2 potions of heal wounds for 380 gold pieces
 34137 | Orc:2    | Bought a potion of agility for 56 gold pieces
 34337 | D:12     | Learned a level 3 spell: Regeneration
 34831 | D:12     | Found a deep blue altar of Sif Muna.
 35423 | D:13     | Noticed Norris
 35483 | D:13     | Killed Norris
 35483 | D:13     | Reached skill level 10 in Stealth
 35858 | D:13     | Found a gate to the Vaults.
 35974 | D:14     | Noticed Snorg
 36017 | D:14     | Killed Snorg
 36017 | D:14     | Reached skill level 16 in Dodging
 36379 | D:14     | Found a sparkling altar of Nemelex Xobeh.
 37153 | D:15     | Entered Level 15 of the Dungeon
 37512 | D:15     | Learned a level 3 spell: Spectral Weapon
 38028 | D:15     | Reached XP level 15. HP: 44/114 MP: 7/26
 38150 | D:15     | Found a staircase to the Depths.
 39191 | Spider:1 | Entered Level 1 of the Spider Nest
 39193 | Spider:1 | Reached skill level 15 in Fighting
 39478 | Shoals:1 | Entered Level 1 of the Shoals
 39631 | Shoals:1 | Reached skill level 1 in Shields
 39634 | Shoals:1 | Identified the cursed +0 robe "Daapul" {*Contam rF+ rN+ Str+3}
 40122 | Shoals:1 | Reached skill level 5 in Summonings
 40543 | Shoals:2 | Noticed a kraken
 43503 | Spider:2 | HP: 1/116 [emperor scorpion (19)]
 43503 | Spider:2 | Mangled by an emperor scorpion

Vault maps used:
D:1:      mrwooster_arrival_statue, item_on_display_b
D:2:      ecumenical_altar_2
D:4:      lemuel_temple_firewalk_marked, kennysheep_generic_room_16,
          uniq_natasha, uniq_eustachio, uniq_duvessa
D:5:      kennysheep_mini, serial_co_window_serial, co_window_cross_1,
          co_window_paths_a, co_window_paths_b, co_window_paths_a,
          co_window_paths_a, co_window_of_opportunity_a, co_window_paths_b,
          co_window_broadway_a, co_window_corner_b, co_window_broadway_c,
          co_window_corner_b, co_window_unsneaky_path_d, co_window_2corner,
          glass_columns_b, glass_columns_b, glass_columns_b, first_bread,
          uniq_edmund
D:6:      serial_shops, nicolae_shop_trees, serial_park_tiny_1,
          minmay_crossroads
D:7:      yredelemnul_altar_generic, uniq_menkaure
D:8:      uniq_erolcha
D:9:      corexii_shack_village, erik_lair_orcish_takeover
D:10:     special_room, uniq_harold
D:11:     orc_0_dummy, serial_shops, shop, the_bakery
D:12:     lemuel_blue_sif_altar
D:13:     david_vaults_3, abandoned_shop, lightli_wizard_tower
D:14:     nemelex_xobeh_ov_fountains_minmay, uniq_snorg
D:15:     gammafunk_enter_depths_forms
Temple:   grunt_circular_temple_18
Lair:1:   lemuel_oklob_altar, grunt_megastairs_1
Lair:2:   kennysheep_rathole, grunt_forest_stairs_basic,
          grunt_forest_large_clearings
Lair:3:   dummy_spider_entry, serial_bayou_shore_a, grunt_megastairs_2,
          serial_bayou_shore_b, uniq_gastronok, uniq_fannar
Lair:4:   mumra_transporter_accident
Lair:5:   beast_lair_carwin_10
Lair:6:   minmay_shoals_entry_beasts
Lair:7:   slime_altar_1, beast_lair_carwin_11
Lair:8:   evil_forest
Shoals:2: serial_shops, bzr_in_the_mist
Spider:1: cheibrodos_spider_creepycove
Spider:2: uniq_louise
Orc:2:    st_orc_rangers, serial_shops, shop, basic_altar

Action                   |  1- 3 |  4- 6 |  7- 9 | 10-12 | 13-15 || total
-------------------------+-------+-------+-------+-------+-------++-------
Melee: Unarmed           |    53 |       |       |       |       ||    53
       Dagger            |    82 |   186 |   563 |  1559 |  2017 ||  4407
 Cast: Summon Small Mamm |    31 |    18 |    13 |     9 |       ||    71
       Call Imp          |     9 |    20 |    33 |    54 |     9 ||   125
       Call Canine Famil |       |     6 |    36 |    52 |    26 ||   120
       Summon Lightning  |       |       |       |    33 |   117 ||   150
       Summon Ice Beast  |       |       |       |    31 |   274 ||   305
       Summon Guardian G |       |       |       |       |    19 ||    19
Evoke: Wand              |       |       |     1 |       |     9 ||    10
  Use: Scroll            |       |     3 |    13 |    11 |    25 ||    52
       Potion            |       |       |     1 |     8 |     8 ||    17
 Stab: Sleeping          |     7 |     3 |     7 |    18 |    63 ||    98
       Distracted        |       |     1 |     4 |    17 |    59 ||    81
       Invisible         |       |       |       |     5 |       ||     5
  Eat: Chunk             |     6 |     8 |    18 |    23 |    67 ||   122
       Beef jerky        |       |     1 |       |     3 |     2 ||     6
       Royal jelly       |       |       |     3 |     1 |     2 ||     6
       Bread ration      |       |       |       |     2 |     6 ||     8
       Pizza             |       |       |       |     2 |       ||     2
       Fruit             |       |       |       |    16 |       ||    16
